 Dungeon Crawl Stone Soup version 0.17-a0-1635-gd4e48f1 (webtiles) character file.

247 ololoev the Conjurer (level 5, -3/38 HPs)
             Began as a Draconian Air Elementalist on Aug 4, 2015.
             Killed from afar by an orc wizard (5 damage)
             ... with a puff of frost
             ... on level 4 of the Dungeon.
             The game lasted 00:12:24 (3202 turns).

ololoev the Conjurer (Draconian Air Elementalist)   Turns: 3202, Time: 00:12:24

Health: -3/38      AC:  8    Str: 10    XL:     5   Next: 85%
Magic:  5/9        EV: 12    Int: 17    God:
Gold:   123        SH:  0    Dex: 11    Spells: 3 memorised, 5 levels left

rFire  + . .     SeeInvis .     r - +4 quarterstaff (chaos)
rCold  . . .     Clarity  .     (armour unavailable)
rNeg   . . .     SustAt   .     (no shield)
rPois  .         Gourm    .     (helmet restricted)
rElec  .         Spirit   .     s - +0 cloak
rCorr  .         Warding  .     c - +1 pair of gloves
rMut   .         Stasis   .     (no boots)
MR     .....                    (no amulet)
Stlth  ++........               (no ring)
                                l - ring of protection from fire

@: lethally poisoned (-3 -> -67), very slightly contaminated, not resistant to
hostile enchantments, unstealthy
A: unfitting armour, cold-blooded, AC +5
a: no special abilities


Innate Abilities, Weirdness & Mutations

Your plain brown scales are hard (AC +5).
Your body does not fit into most forms of armour.
You are cold-blooded and may be slowed by cold attacks.

Inventory:

Hand weapons
 r - a +4 quarterstaff of chaos (weapon)
Armour
 c - a +1 pair of gloves (worn)
 s - a +0 cloak (worn)
Jewellery
 l - a ring of protection from fire (left hand)
Magical devices
 t - a wand of flame (38)
Scrolls
 e - a scroll of enchant armour {unknown}
 h - 2 scrolls of recharging {unknown}
 j - 2 scrolls of random uselessness {unknown}
 m - a scroll of fog {unknown}
 o - 2 scrolls of remove curse {unknown}
 q - a scroll of enchant weapon {unknown}
 u - 2 scrolls of identify {unknown}
Potions
 f - a potion of heal wounds {unknown}
 i - a potion of magic {unknown}
 k - 3 potions of might {unknown}
 p - a potion of invisibility {unknown}
 v - a potion of cure mutation {unknown}
Books
 a - a book of Air

   Spells                             Type                      Level
   a - Shock                          Conjuration/Air              1
   b - Swiftness                      Charms/Air                   2
   c - Repel Missiles                 Charms/Air                   2
   d - Static Discharge               Conjuration/Air              3
   e - Lightning Bolt                 Conjuration/Air              5
Comestibles
 b - 2 bread rations
 d - a meat ration
 n - a slice of pizza


   Skills:
 - Level 1.7 Dodging
 - Level 1.7 Stealth
 - Level 3.0 Spellcasting
 * Level 4.4 Conjurations
 + Level 4.2 Air Magic


You had 5 spell levels left.
You knew the following spells:

 Your Spells              Type           Power        Failure   Level  Hunger
a - Shock                 Conj/Air       ###.         2%          1    None
b - Repel Missiles        Chrm/Air       #.....       14%         2    ##.....
c - Swiftness             Chrm/Air       #.......     14%         2    ##.....


You were on level 4 of the Dungeon.
You were hungry.

You visited 1 branch of the dungeon, and saw 4 of its levels.

You collected 123 gold pieces.

..###########oo
.......@o......
...............
...............
...............
...............
...............
.......#+#####+
.......

Notes
Turn   | Place    | Note
--------------------------------------------------------------
     0 | D:1      | ololoev the Draconian Air Elementalist began the quest for the Orb.
     0 | D:1      | Reached XP level 1. HP: 14/14 MP: 3/3
   326 | D:1      | Reached XP level 2. HP: 11/20 MP: 5/5
  1182 | D:1      | Reached XP level 3. HP: 26/26 MP: 2/6
  1529 | D:2      | Reached XP level 4. HP: 33/33 MP: 2/7
  2250 | D:2      | Learned a level 2 spell: Repel Missiles
  2253 | D:2      | Learned a level 2 spell: Swiftness
  2289 | D:2      | Noticed Crazy Yiuf
  2333 | D:2      | Killed Crazy Yiuf
  2430 | D:2      | Reached XP level 5. HP: 31/38 MP: 7/9
  3185 | D:3      | Reached skill level 4 in Conjurations
  3202 | D:4      | Killed from afar by an orc wizard

Dungeon Overview and Level Annotations

Branches:
Dungeon (4/15)
 Temple: D:4-7

Altars:


Message History

You are more poisoned.
You hit the orc wizard.
The orc wizard is poisoned.
The orc wizard is moderately wounded.
You feel sick.
The orc wizard casts a cantrip, but nothing happens.
The orc wizard hits you but does no damage.
You are more poisoned.
An orc comes into view. It is wielding a club.
Press: ? - help, v - describe, . - travel
Here: an orc wizard, wielding a dagger of venom and wearing a robe (severely wounded, fast, poisoned)
The floor.
You barely miss the orc wizard.
The orc wizard is severely wounded.
You feel very sick.
The orc wizard gestures at you while chanting.
The magic dart hits you!
The orc moves out of view.
The orc wizard hits you with a dagger of venom.
You closely miss the orc wizard.
Your tail-slap misses the orc wizard.
The orc wizard is severely wounded.
You feel very sick.
The orc wizard hits you but does no damage.
You are more poisoned.
The orc wizard hits you with a dagger of venom.
You are more poisoned.
You barely miss the orc wizard.
The orc wizard is severely wounded.
You feel very sick. The orc wizard barely misses you.
The orc wizard hits you but does no damage.
You are more poisoned.
An orc comes into view. It is wielding a war axe.
You closely miss the orc wizard.
The orc wizard is heavily wounded.
You feel very sick.
The orc shouts!
The orc wizard hits you but does no damage.
You are more poisoned.
The orc wizard gestures at you while chanting.
The puff of frost hits you!
You die...

You could see an orc wizard and 2 orcs.

Vanquished Creatures
  A scorpion (D:4)
  An orc wizard (D:3)
  Crazy Yiuf (D:2)
  7 adders
  An ooze (D:2)
  A worm (D:2)
  3 giant geckos
  4 orcs (D:3)
  12 hobgoblins
  6 jackals
  7 kobolds
  3 quokkas (D:2)
  A ball python (D:1)
  6 bats
  A giant newt (D:3)
  5 goblins
  6 rats
  A fungus (D:2)
67 creatures vanquished.

Action                   |  1- 3 |  4- 6 || total
-------------------------+-------+-------++-------
Melee: Unarmed           |    29 |    35 ||    64
       Quarterstaff      |       |    44 ||    44
 Cast: Shock             |    79 |    36 ||   115
  Eat: Chunk             |     3 |     5 ||     8

Vault maps used:
D:1:      dpeg_arrival_fog, st_stairs_1
D:2:      uniq_crazy_yiuf_cottage
D:4:      elyvilon_altar_3, overflow_temple_1_default, serial_shops, shop,
          nemelex_xobeh_ov_fountains_minmay
